 Dungeon Crawl Stone Soup version 0.29-a0-824-gd827844252 (webtiles) character file.

Game seed: 8325815916992431299

116316 wingedge the Severer (level 15, -1/136 HPs)
             Began as a Minotaur Fighter on July 10, 2022.
             Was the Champion of the Shining One.
             Shot with an arrow by a satyr (20 damage)
             ... on level 4 of the Shoals.
             The game lasted 01:41:49 (23033 turns).

wingedge the Severer (Minotaur Fighter)            Turns: 23033, Time: 01:41:50

Health: -1/136     AC: 29    Str: 35    XL:     15   Next: 88%
Magic:  24/24      EV:  2    Int:  5    God:    the Shining One [******]
Gold:   642        SH:  0    Dex:  9    Spells: 14/14 levels left

rFire   + . .      SeeInvis .   c - +3 executioner's axe of the Middle {freeze, rN+}
rCold   . . .      Faith    .   (shield currently unavailable)
rNeg    + + +      Spirit   .   S - +3 plate armour {rF+}
rPois   .          Reflect  +   V - +2 hat
rElec   +          Harm     .   N - +2 cloak {Will+}
rCorr   .          Rampage  .   O - +0 pair of gloves
Will    ++...                   R - +2 pair of boots
Stlth   ..........              D - amulet "Boiwad" {Reflect rElec Slay+2 SH+5 Stlth+}
HPRegen 0.32/turn               A - ring "Iclo" {Wiz Str+6}
MPRegen 0.19/turn               H - ring of flight

@: sleeping, afraid, flying, glowing, studying Short Blades
A: horns 2, retaliatory headbutt
}: 1/15 runes: barnacled
a: Renounce Religion, Divine Shield, Cleansing Flame, Summon Divine Warrior,
Brand Weapon With Holy Wrath


You were on level 4 of the Shoals.
You worshipped the Shining One.
The Shining One was exalted by your worship.
You visited 4 branches of the dungeon, and saw 25 of its levels.
You also visited: Ossuary, Bailey, Ice Cave and Volcano.

You collected 2317 gold pieces.
You spent 1654 gold pieces at shops.
You donated 21 gold pieces to Zin.

Inventory:

Hand Weapons
 c - the +3 executioner's axe of the Middle (weapon) {freeze, rN+}
   (You acquired it on level 4 of the Lair of Beasts)

   It freezes those it strikes, dealing additional cold damage.
   It can also slow down cold-blooded creatures.
   rN:        It protects you from negative energy.
 n - the +5 scythe "Finisher" {speed, eviscerate}
   (You found it on level 2 of the Lair of Beasts)

   Attacks with this weapon are significantly faster.
   It may eviscerate those it strikes, slaying them instantly, with a decreasing
   chance against stronger foes.
Missiles
 l - 7 boomerangs (quivered)
 y - 2 silver javelins
 J - 3 boomerangs of dispersal
 X - 13 javelins
Armour
 N - a +2 cloak of willpower (worn)
 O - a +0 pair of gloves (worn)
 R - a +2 pair of boots (worn)
 S - a +3 plate armour of fire resistance (worn)
 V - a +2 hat (worn)
Jewellery
 j - a ring of ice
 p - a ring of protection from cold
 z - a ring of resist corrosion
 A - the ring "Iclo" (left hand) {Wiz Str+6}
   (You found it in an ossuary)

   [ring of wizardry]

   It improves your spell success rate.
   Str:       It affects your strength (+6).
 D - the amulet "Boiwad" (around neck) {Reflect rElec Slay+2 SH+5 Stlth+}
   (You bought it in a shop on level 2 of the Shoals)

   [amulet of reflection]

   It reflects blocked missile attacks.
   Slay:      It affects your accuracy & damage with ranged weapons and melee
   (+2).
   rElec:     It insulates you from electricity.
   SH:        It affects your SH (+5).
   Stlth:     It makes you more stealthy.
 H - a ring of flight (right hand)
 L - a ring of protection from fire
 M - a ring of protection from fire
 T - a ring of protection from cold
Wands
 f - a wand of mindburst (9)
 o - a wand of polymorph (28)
 F - a wand of acid (14)
 P - a wand of charming (19)
 Q - a wand of flame (18)
 Z - a wand of digging (5)
Scrolls
 b - 5 scrolls of amnesia
 d - 5 scrolls of poison
 g - 7 scrolls of teleportation
 i - 10 scrolls of enchant weapon
 k - 5 scrolls of immolation
 m - 8 scrolls of vulnerability
 q - 4 scrolls of enchant armour
 r - a scroll of silence
 u - 5 scrolls of fog
 w - 3 scrolls of brand weapon
 C - 3 scrolls of blinking
 U - a scroll of fear
Potions
 a - a potion of ambrosia
 e - 2 potions of cancellation
 h - 4 potions of attraction
 t - 2 potions of berserk rage
 v - 3 potions of curing
 x - 5 potions of mutation
 B - 2 potions of might
 E - a potion of haste
 G - 2 potions of lignification
 I - 4 potions of magic
 K - 3 potions of brilliance
 W - 2 potions of resistance
Miscellaneous
 s - a phantom mirror
 Y - a box of beasts


   Skills:
 + Level 13.5 Fighting
 * Level 17.0(17.5) Axes
 - Level 6.3(12.7) Polearms
 + Level 12.1 Throwing
 + Level 13.3 Armour
 - Level 3.0 Dodging
 - Level 4.0 Shields
 + Level 13.3 Invocations
 + Level 6.9 Evocations


You had 14 spell levels left.
You didn't know any spells.
Your spell library contained the following spells:

 Spells                   Type           Power      Damage    Failure   Level
 Apportation              Tloc           0%         N/A       65%         1
 Necrotise                Necr           0%         1d4       65%         1
 Shock                    Conj/Air       0%         1d3       65%         1
 Summon Small Mammal      Summ           0%         N/A       65%         1
 Blink                    Tloc           0%         N/A       80%         2
 Ensorcelled Hibernation  Hex/Ice        0%         N/A       80%         2
 Sublimation of Blood     Necr           0%         N/A       80%         2
 Wereblood                Tmut           0%         N/A       80%         2
 Call Canine Familiar     Summ           0%         N/A       95%         3
 Gell's Gravitas          Tloc           0%         N/A       95%         3
 Lesser Beckoning         Tloc           0%         N/A       95%         3
 Ozocubu's Armour         Ice            0%         N/A       95%         3
 Summon Guardian Golem    Hex/Summ       0%         N/A       95%         3
 Swiftness                Air            0%         N/A       95%         3
 Teleport Other           Tloc           0%         N/A       95%         3
 Vampiric Draining        Necr           0%         2d6       95%         3
 Airstrike                Air            0%         0-1+      100%        4
 Animate Dead             Necr           0%         N/A       100%        4
 Dispel Undead            Necr           0%         3d6       100%        4
 Ice Form                 Ice/Tmut       0%         N/A       100%        4
 Agony                    Necr           0%         N/A       100%        5
 Borgnjor's Vile Clutch   Necr/Erth      0%         N/A       100%        5
 Fireball                 Conj/Fire      0%         3d3       100%        5
 Manifold Assault         Tloc           0%         N/A       100%        5
 Metabolic Englaciation   Hex/Ice        0%         N/A       100%        5
 Summon Forest            Summ/Tloc      0%         N/A       100%        5
 Summon Mana Viper        Hex/Summ       0%         N/A       100%        5
 Death Channel            Necr           0%         N/A       100%        6
 Dispersal                Tloc           0%         N/A       100%        6
 Eringya's Noxious Bog    Tmut/Pois      0%         N/A       100%        6
 Simulacrum               Ice/Necr       0%         N/A       100%        6
 Starburst                Conj/Fire      0%         6d3       100%        6
 Summon Cactus Giant      Summ           0%         N/A       100%        6
 Summon Hydra             Summ           0%         N/A       100%        7
 Ignition                 Fire           0%         3d3       100%        8
 Chain Lightning          Conj/Air       0%         N/A       100%        9
 Polar Vortex             Ice            0%         N/A       100%        9


Dungeon Overview and Level Annotations

Branches:
Dungeon (13/15)            Temple (0/1) D:6            Lair (6/6) D:11
 Shoals (4/4) Lair:2       Spider (0/4) Lair:3        Slime (0/5) Lair:5
    Orc (2/2) D:10            Elf (0/3) Orc:2        Vaults (0/5) D:13
Ossuary (visited)          Bailey (visited)           IceCv (visited)
Volcano (visited)

Altars:
Elyvilon
Fedhas
Kikubaaqudgha
Makhleb
Nemelex Xobeh
Okawaru
Qazlal
Ru
Trog
Uskayaw
Zin
The Shining One
Jiyva

Shops:
D:1 *   D:2 =   Orc:1 *   Orc:2 ?[=(   Shoals:2 =   Shoals:3 [

Annotations:
D:3 3 runed translucent doors, jimonade's ghost, amateur DjFE
Lair:1 2 transporters, coolguy69's ghost, journeyman VSMo
Shoals:4 Ilsuiw


Innate Abilities, Weirdness & Mutations

You have a pair of horns on your head.
You reflexively headbutt those who attack you in melee.


Message History

You throw a boomerang. The boomerang hits the merfolk siren!
You break out of your daze!
You kill the merfolk siren!
You hear a splash.
The satyr shoots an arrow.
The arrow hits you!!
Throw: 7 boomerangs
Press: ? - help, Q - select action, (/) - cycle Shift-Dir - straight line, f - satyr
Aim: a satyr, wielding a +0 longbow (moderately wounded, inspiring fear, haloed, 78% to hit)
You throw a boomerang. The boomerang hits the satyr!
The satyr is heavily wounded.
Throw: 7 boomerangs
Press: ? - help, Q - select action, (/) - cycle Shift-Dir - straight line, f/p - satyr
Aim: a satyr, wielding a +0 longbow (heavily wounded, inspiring fear, haloed, 78% to hit)
You throw a boomerang. The boomerang barely misses the satyr.
The satyr shoots an arrow.
The arrow hits you!
* * * LOW HITPOINT WARNING * * *
Throw: 7 boomerangs
Press: ? - help, Q - select action, (/) - cycle Shift-Dir - straight line, f/p - satyr
Aim: a satyr, wielding a +0 longbow (heavily wounded, inspiring fear, haloed, 78% to hit)
You throw a boomerang. The boomerang hits the satyr.
The satyr is severely wounded.
The satyr shoots an arrow.
The arrow hits you!
* * * LOW HITPOINT WARNING * * *
Throw: 7 boomerangs
Press: ? - help, Q - select action, (/) - cycle Shift-Dir - straight line, f/p - satyr
Aim: a satyr, wielding a +0 longbow (heavily wounded, inspiring fear, haloed, 78% to hit)
You throw a boomerang. The boomerang hits the satyr!!
The satyr is almost dead.
The satyr shoots an arrow.
The arrow hits you!
* * * LOW HITPOINT WARNING * * *
Throw: 7 boomerangs
Press: ? - help, Q - select action, (/) - cycle Shift-Dir - straight line, f/p - satyr
Aim: a satyr, wielding a +0 longbow (almost dead, inspiring fear, haloed, 78% to hit)
You throw a boomerang. The boomerang hits the satyr.
The satyr is almost dead.
You feel better.
The satyr plays a lulling melody on his pipes!
You fall asleep.
The satyr shoots an arrow.
The arrow hits you!!
You die...

≈≈≈≈≈≈≈≈≈≈≈≈≈≈≈≈≈≈≈≈≈
≈≈≈≈≈≈≈≈≈≈≈≈..≈≈≈≈≈≈≈
≈≈≈≈≈≈≈≈≈≈†≈..≈≈.≈≈≈≈
≈≈≈≈≈≈≈≈..≈≈......≈≈≈
≈≈≈≈≈≈≈≈..≈≈≈.....≈≈≈
≈≈≈≈≈≈≈......≈.≈≈≈≈≈≈
≈≈≈≈≈≈≈.##.....≈≈≈≈≈≈
≈≈≈≈≈≈≈.#####<..≈≈≈≈≈
≈≈≈≈≈≈≈@.PP###<..≈≈≈≈
≈≈≈≈≈≈≈†.#P...≈≈≈≈≈≈≈
≈≈≈≈≈≈≈≈..P...≈≈≈≈≈≈≈
≈≈≈≈≈≈≈≈.P.≈≈≈≈≈≈≈≈≈≈
≈≈≈≈
≈≈≈≈≈≈≈)≈≈P≈≈≈≈≈≈≈≈≈≈
≈≈≈≈≈
≈≈≈≈≈≈≈≈≈≈≈≈P≈≈≈≈≈≈≈≈
≈≈≈≈≈
≈≈≈≈≈≈≈)≈≈P≈≈≈≈≈≈≈≈≈≈
≈≈≈≈≈ ≈≈≈≈≈c)≈≈≈≈≈≈≈≈
≈≈≈≈≈


You could see a satyr (scary).

Vanquished Creatures
  Mlioglotl (Shoals:4)
  A kraken (Shoals:2)
  Polyphemus (Shoals:2)
  A red draconian (Volcano)
  3 merfolk javelineers
  5 merfolk impalers
  Fannar (D:11)
  4 hydras
  4 two-headed ogres
  A boulder beetle (D:11)
  2 centaur warriors
  2 catoblepae
  A merfolk avatar (Shoals:1)
  8 vault guards (D:13)
  3 satyrs
  2 alligator snapping turtles
  3 orc high priests (Orc:2)
  7 merfolk aquamancers
  2 death yaks (Shoals:2)
  Amaemon (Lair:3)
  Sonja (Lair:2)
  Nergalle (D:10)
  9 sea snakes
  A kraken simulacrum (Shoals:4)
  6 orc knights
  A necromancer (IceCv)
  4 orc sorcerers (Orc:2)
  2 cyclopes
  5 ugly things
  2 deep elf pyromancers (D:12)
  An oklob plant (Lair:4)
  9 manticores
  7 fauns
  8 merfolk sirens
  Maurice (D:9)
  An orange demon (Lair:3)
  6 water nymphs
  3 black mambas
  5 cane toads
  An ice statue (IceCv)
  A torpor snail (Lair:4)
  Maggie (D:10)
  A gargoyle (D:12)
  2 kobold demonologists
  A rime drake (Lair:2)
  3 anaconda simulacra (IceCv)
  An efreet (D:13)
  5 komodo dragons
  5 freezing wraiths (IceCv)
  A yaktaur (Volcano)
  2 entropy weaver simulacra (IceCv)
  3 trolls (D:13)
  11 ice devils (IceCv)
  3 polar bears
  20 merfolk
  6 wind drakes
  7 blink frogs
  Grinder (D:5)
  Prince Ribbit (Lair:2)
  4 dream sheep (Shoals:3)
  7 snapping turtles
  A wraith (D:10)
  A shadow (D:10)
  A vampire (D:10)
  Sigmund (D:2)
  27 yaks
  A water elemental (Shoals:2)
  4 wyverns
  2 basilisks
  A steam dragon (D:9)
  5 death yak simulacra (IceCv)
  4 vampire mosquitoes (D:12)
  A harpy simulacrum (IceCv)
  2 acid dragons
  3 wargs (Orc:1)
  9 water moccasins
  27 orc warriors
  3 ice beasts
  A black bear (Lair:5)
  2 hornet zombies (Ossuary)
  3 sky beasts
  13 wolves (Lair:3)
  8 ogres
  23 centaurs
  12 kobold brigands
  4 wyvern zombies (Ossuary)
  16 bullfrogs
  A necrophage (D:5)
  4 cane toad simulacra (IceCv)
  A two-headed ogre simulacrum (IceCv)
  2 water moccasin zombies (Ossuary)
  5 scorpions
  3 wights (D:8)
  2 elephant simulacra (IceCv)
  A vampire bat (Lair:3)
  7 electric eels
  6 howler monkeys
  2 centaur zombies (Ossuary)
  4 bullfrog zombies (Ossuary)
  3 jellies
  14 orc priests
  3 hounds
  2 iguanas (D:5)
  Natasha (thrice) (D:4)
  22 orc wizards
  3 polar bear simulacra (IceCv)
  A troll simulacrum (IceCv)
  A spriggan simulacrum (IceCv)
  3 killer bee zombies (Ossuary)
  6 wolf simulacra (IceCv)
  Robin (D:2)
  19 mummies (Ossuary)
  A howler monkey zombie (Ossuary)
  6 adders
  A shadow imp (D:6)
  2 white imps
  3 ufetubi
  3 worms (D:3)
  A dart slug (D:4)
  104 orcs
  5 ball pythons
  A bat zombie (D:5)
  4 endoplasms (D:1)
  3 giant cockroaches
  17 goblins
  8 hobgoblins
  5 jackals (D:1)
  37 kobolds
  3 quokkas
  9 bats
  3 frilled lizards
  7 rats
  A rat zombie (D:5)
  A tentacle (Shoals:4)
732 creatures vanquished.

Vanquished Creatures (collateral kills)
  A merfolk impaler (Shoals:4)
  A sea snake (Shoals:4)
  A manticore (Shoals:4)
  A yaktaur (Volcano)
  A merfolk (Shoals:4)
5 creatures vanquished.

Vanquished Creatures (others)
  13 fungi
  41 plants
  7 tentacles (Shoals:4)
  4 withered plants (Ossuary)
65 creatures vanquished.

Grand Total: 802 creatures vanquished

Notes
Turn   | Place    | Note
-------+----------+-------------------------------------------
     0 | D:1      | wingedge the Minotaur Fighter began the quest for the Orb.
     0 | D:1      | Reached XP level 1. HP: 19/19 MP: 0/0
    71 | D:1      | Reached XP level 2. HP: 27/27 MP: 1/1
   119 | D:1      | Reached skill level 3 in Axes
   585 | D:1      | Found Yseh's General Store.
   592 | D:1      | Bought a scroll of identify for 26 gold pieces
   745 | D:2      | Noticed Sigmund
   755 | D:1      | Reached XP level 3. HP: 26/33 MP: 2/2
   893 | D:2      | Killed Sigmund
   894 | D:2      | Reached skill level 4 in Axes
   894 | D:2      | Reached skill level 1 in Dodging
   894 | D:2      | Reached skill level 1 in Evocations
   894 | D:2      | Reached XP level 4. HP: 7/41 MP: 3/3
   894 | D:2      | Reached XP level 5. HP: 8/47 MP: 4/4
  1173 | D:2      | Found a faded altar of an unknown god.
  1181 | D:2      | Prayed at the altar of an unknown god.
  1181 | D:2      | Became a worshipper of Zin the Law-Giver
  1181 | D:2      | Reached * piety under Zin
  1305 | D:2      | Noticed Robin
  1331 | D:2      | Killed Robin
  1582 | D:2      | Found Dyeg's Jewellery Shoppe.
  1958 | D:3      | Reached ** piety under Zin
  1974 | D:3      | Found a runed translucent gate.
  1975 | D:3      | Found a runed translucent gate.
  1976 | D:3      | Found a runed translucent gate.
  1978 | D:3      | Noticed jimonade's ghost (amateur DjFE)
  2224 | D:3      | Reached *** piety under Zin
  2393 | D:4      | Found a sand-covered staircase.
  2404 | D:4      | Noticed Natasha
  2417 | D:4      | Killed Natasha
  2418 | D:4      | Reached XP level 6. HP: 41/53 MP: 5/5
  2446 | D:4      | Noticed Natasha
  2451 | D:4      | Killed Natasha
  2467 | Ossuary  | Entered an ossuary
  2497 | Ossuary  | Reached skill level 1 in Invocations
  2499 | Ossuary  | Reached skill level 5 in Axes
  2503 | Ossuary  | Reached XP level 7. HP: 25/60 MP: 6/6
  2648 | Ossuary  | Reached skill level 5 in Armour
  2668 | Ossuary  | Reached skill level 5 in Fighting
  2878 | Ossuary  | Reached skill level 6 in Axes
  2878 | Ossuary  | Reached XP level 8. HP: 53/68 MP: 8/8
  2896 | Ossuary  | Reached **** piety under Zin
  3130 | Ossuary  | Identified the ring "Iclo" {Wiz Str+6}
  3286 | D:4      | Reached skill level 5 in Throwing
  3323 | D:4      | Found an iron altar of Okawaru.
  3323 | D:4      | Found a glowing golden altar of the Shining One.
  3327 | D:4      | Fell from the grace of Zin
  3327 | D:4      | Became a worshipper of the Shining One
  3327 | D:4      | Reached * piety under the Shining One
  3327 | D:4      | Reached ** piety under the Shining One
  3350 | D:4      | Noticed Natasha
  3351 | D:4      | Killed Natasha
  3455 | D:4      | Reached skill level 7 in Axes
  3817 | D:5      | Entered Level 5 of the Dungeon
  3865 | D:5      | Noticed Grinder
  3872 | D:5      | Killed Grinder
  3873 | D:5      | Reached XP level 9. HP: 75/75 MP: 10/10
  4213 | D:5      | Found an ancient bone altar of Kikubaaqudgha.
  4385 | D:6      | Found a staircase to the Ecumenical Temple.
  4548 | D:6      | Found a sacrificial altar of Ru.
  4786 | D:7      | Reached skill level 8 in Axes
  4955 | D:7      | Found a white marble altar of Elyvilon.
  5175 | D:7      | Reached skill level 9 in Axes
  5427 | D:7      | Reached XP level 10. HP: 71/86 MP: 12/12
  5747 | D:8      | Reached *** piety under the Shining One
  5990 | D:9      | Found a flagged portal.
  5998 | Bailey   | Entered a bailey
  6167 | Bailey   | Noticed an orc knight
  6170 | Bailey   | Noticed an orc knight
  6185 | Bailey   | Reached skill level 5 in Invocations
  6203 | Bailey   | Killed an orc knight
  6204 | Bailey   | Reached skill level 10 in Axes
  6218 | Bailey   | Killed an orc knight
  6286 | D:9      | Noticed Maurice
  6293 | D:9      | Killed Maurice
  6707 | D:8      | Found a stormy altar of Qazlal.
  7406 | D:9      | Reached XP level 11. HP: 82/95 MP: 14/14
  7565 | D:9      | Reached skill level 11 in Axes
  7757 | D:10     | Entered Level 10 of the Dungeon
  7757 | D:10     | Noticed a two-headed ogre
  7764 | D:10     | Killed a two-headed ogre
  7839 | D:10     | Found a blossoming altar of Fedhas.
  7839 | D:10     | Noticed Maggie
  7913 | D:10     | Killed Maggie
  7994 | D:10     | Got the Discourse on the Inconstant Zephyr
  8009 | D:10     | Noticed Nergalle
  8029 | D:10     | Killed Nergalle
  8284 | D:10     | Found a staircase to the Orcish Mines.
  8560 | D:10     | Found a sparkling altar of Nemelex Xobeh.
  8680 | D:11     | Noticed Fannar
  8693 | D:11     | Killed Fannar
  8754 | D:11     | Reached skill level 12 in Axes
  8766 | D:11     | Noticed a red ugly thing
  8773 | D:11     | Killed a red ugly thing
  8970 | D:11     | Noticed a boulder beetle
  8980 | D:11     | Killed a boulder beetle
  8999 | D:11     | Noticed a two-headed ogre
  9002 | D:11     | Noticed a two-headed ogre
  9006 | D:11     | Killed a two-headed ogre
  9009 | D:11     | Killed a two-headed ogre
  9137 | D:11     | Found a staircase to the Lair.
  9385 | D:12     | Reached XP level 12. HP: 73/105 MP: 17/17
  9790 | D:12     | Noticed a two-headed ogre
  9797 | D:12     | Killed a two-headed ogre
  9804 | D:12     | Reached skill level 13 in Axes
  9912 | D:12     | Reached skill level 10 in Fighting
 10250 | D:13     | Noticed a vault guard
 10250 | D:13     | Noticed a vault guard
 10250 | D:13     | Noticed a vault guard
 10252 | D:13     | Noticed a vault guard
 10252 | D:13     | Noticed a vault guard
 10253 | D:13     | Noticed a vault guard
 10255 | D:13     | Killed a vault guard
 10256 | D:13     | Reached skill level 10 in Armour
 10256 | D:13     | Noticed a vault guard
 10257 | D:13     | Killed a vault guard
 10258 | D:13     | Killed a vault guard
 10258 | D:13     | Noticed a vault guard
 10263 | D:13     | Killed a vault guard
 10266 | D:13     | Killed a vault guard
 10268 | D:13     | Killed a vault guard
 10275 | D:13     | Killed a vault guard
 10278 | D:13     | Killed a vault guard
 10279 | D:13     | Reached skill level 10 in Invocations
 10279 | D:13     | Found a gate to the Vaults.
 10330 | D:13     | Noticed a centaur warrior
 10338 | D:13     | Killed a centaur warrior
 10339 | D:13     | Reached skill level 14 in Axes
 10589 | D:13     | Noticed a four-headed hydra
 10594 | D:13     | Killed a five-headed hydra
 10595 | D:13     | Reached skill level 10 in Throwing
 10595 | D:13     | Reached XP level 13. HP: 114/114 MP: 19/19
 10967 | Orc:1    | Entered Level 1 of the Orcish Mines
 11069 | Orc:1    | Reached **** piety under the Shining One
 11161 | Orc:1    | Found Hanyex's Assorted Antiques.
 11169 | Orc:1    | Bought a cyan potion for 30 gold pieces
 11169 | Orc:1    | Bought a scroll of identify for 68 gold pieces
 11169 | Orc:1    | Bought a potion of curing for 102 gold pieces
 11444 | Orc:2    | Entered Level 2 of the Orcish Mines
 11531 | Orc:2    | Found a burning altar of Makhleb.
 11637 | Orc:2    | Found a staircase to the Elven Halls.
 12240 | Orc:2    | Found Jitsucs's Magic Scroll Shop.
 12240 | Orc:2    | Found Peupsono's Antique Weapon Shoppe.
 12242 | Orc:2    | Found Amoacura's Jewellery Shoppe.
 12242 | Orc:2    | Found Apheddocw's Antique Armour Shop.
 12255 | Orc:2    | Bought an embroidered scarf for 256 gold pieces
 12255 | Orc:2    | Bought a glowing cloak for 240 gold pieces
 12267 | Orc:2    | Bought a scroll of identify for 30 gold pieces
 12668 | Lair:1   | Entered Level 1 of the Lair of Beasts
 12738 | Lair:1   | Found a transporter.
 13087 | Lair:1   | Found a transporter.
 13094 | Lair:1   | Found a bloodstained altar of Trog.
 13104 | Lair:1   | Noticed coolguy69's ghost (journeyman VSMo)
 13452 | Lair:2   | Noticed Prince Ribbit
 13472 | Lair:2   | Killed Prince Ribbit
 13563 | Lair:2   | Found a staircase to the Shoals.
 13568 | Lair:2   | Reached skill level 15 in Axes
 13709 | Lair:2   | Found the +5 scythe "Finisher" {speed, eviscerate}
 13839 | Lair:2   | Found a hide-covered altar of Uskayaw.
 13914 | Lair:2   | Noticed Sonja
 13924 | Lair:2   | Killed Sonja
 14147 | Lair:3   | Reached skill level 1 in Polearms
 14779 | Lair:3   | Found a hole to the Spider Nest.
 14780 | Lair:3   | Noticed Amaemon
 14780 | Lair:3   | Reached ***** piety under the Shining One
 14786 | Lair:3   | Killed Amaemon
 15232 | Lair:4   | Reached XP level 14. HP: 115/125 MP: 21/21
 15243 | Lair:4   | Found a frozen archway.
 15263 | IceCv    | Entered an ice cave
 15470 | IceCv    | Found an ancient bone altar of Kikubaaqudgha.
 15473 | IceCv    | Reached ****** piety under the Shining One
 15515 | IceCv    | Reached skill level 5 in Polearms
 15672 | IceCv    | Got the Precepts of Sepulchral Snow
 16091 | Lair:4   | Found a runed translucent door.
 16161 | Lair:4   | Identified a scroll of acquirement
 16161 | Lair:4   | You fall into a shaft and drop 2 floors!
 16161 | Lair:6   | Entered Level 6 of the Lair of Beasts
 16221 | Lair:5   | Found a dark tunnel.
 16230 | Volcano  | Entered a volcano
 16284 | Volcano  | Found a bloodstained altar of Trog.
 16613 | Lair:4   | Acquired the +3 executioner's axe of the Middle {freeze,
                  | rN+}
 16789 | Lair:4   | Reached skill level 5 in Evocations
 16795 | Lair:4   | Identified the +10 war axe of Equivalence {vorpal, Will+}
 16886 | Lair:5   | Found a viscous altar of Jiyva.
 16889 | Lair:5   | Found a staircase to the Slime Pits.
 17345 | Lair:5   | Found a hide-covered altar of Uskayaw.
 17793 | Shoals:1 | Entered Level 1 of the Shoals
 19099 | Shoals:2 | Reached XP level 15. HP: 113/134 MP: 23/23
 19270 | Shoals:2 | Found Xohaugg's Jewellery Boutique.
 19278 | Shoals:2 | Bought the amulet "Boiwad" {Reflect rElec Slay+2 SH+5
                  | Stlth+} for 662 gold pieces
 19290 | Shoals:2 | Bought a ring of resist corrosion for 240 gold pieces
 19335 | Shoals:2 | Noticed a kraken
 19348 | Shoals:2 | Killed a kraken
 19885 | Shoals:2 | Noticed Polyphemus
 19900 | Shoals:2 | Killed Polyphemus
 19901 | Shoals:2 | Reached skill level 16 in Axes
 21841 | Shoals:3 | Found Ujeol's Armour Emporium.
 22052 | Shoals:4 | Entered Level 4 of the Shoals
 22436 | Shoals:4 | Got a barnacled rune of Zot
 22466 | Shoals:4 | Noticed Mlioglotl
 22473 | Shoals:4 | Killed Mlioglotl
 22513 | Shoals:4 | Reached skill level 17 in Axes
 22524 | Shoals:4 | Noticed Ilsuiw
 23033 | Shoals:4 | Shot with an arrow by a satyr

Illustrated notes

Levels and vault maps discovered:
D:1:      saegor_arrival_simple_a, layout_loops_cross, serial_shops, shop,
          minmay_vboxes
D:2:      layout_rooms, serial_shops, shop_fountains,
          chequers_ecumenical_altar_simple, serial_bayou_pond_c, uniq_sigmund,
          uniq_robin
D:3:      layout_rooms, gammafunk_ghost_nasty_kobolds, grunt_ministairs_11,
          minivault_11, minmay_starry_boxes
D:4:      layout_loops_cross, gammafunk_temple_overflow_wave,
          nicolae_ossuary_entry_false_entrances, serial_bayou_lake_a,
          uniq_natasha
D:5:      layout_rooms, lemuel_zombie_altar_kikubaaqudgha,
          hangedman_abyss_or_decor_slice, uniq_grinder
D:6:      layout_rooms, mainiacjoe_overflow_boulevard, minmay_temple_entry_trees
D:7:      wad_river_or_something, layout_cave_pools,
          mainiacjoe_overflow_24_doors
D:8:      layout_layer_cave, overflow_temple_1_default
D:9:      layout_roguey [special_room_kobold], serial_curves, eino_curves_02,
          eino_curves_01, enter_bailey_3, uniq_maurice
D:10:     layout_basic, lemuel_tele_altar, nemelex_altar_shiori, orc_0_dummy,
          uniq_nergalle, uniq_maggie
D:11:     layout_gridville, lair_entry_dummy, uniq_fannar
D:12:     layout_gridville
D:13:     layout_big_octagon, erik_vaults_2
Lair:1:   layout_regular_city, gammafunk_ghost_wrathful_warriors,
          lemuel_fruit_tree
Lair:2:   layout_roguey, minmay_shoals_entry_centaurs, basic_altar,
          uniq_prince_ribbit2, uniq_sonja
Lair:3:   layout_roguey, dummy_spider_entry, chequers_serial_rivers_micro_d,
          roderic_batcave, uniq_amaemon
Lair:4:   layout_misc_corridors, portal_ice_cave_entry_pillars_2,
          pf_torpor_hydra, infiniplex_staircase_pool_2
Lair:5:   layout_roguey, dpeg_slime_entry_corner,
          lightli_volcano_entry_magma_tube, lemuel_centaur_altar
Lair:6:   evilmike_catoblepas_cave, layout_gridlike, lookout_lair_type,
          serial_bayou_shore_a, serial_bayou_shore_b
Shoals:1: layout_shoals, nicolae_shoals_flooded_hall
Shoals:2: layout_shoals, nicolae_shoals_c_island, uniq_polyphemus
Shoals:3: layout_shoals, serial_shops, nicolae_take_the_stairs,
          nicolae_splish_splash
Shoals:4: shoals_end_grunt_ice, layout_shoals, shoals_ilsuiw_alternative,
          nicolae_shoals_goliath_grotto, uniq_mlioglotl
Orc:1:    layout_caves, serial_shops, nicolae_shop_crystal
Orc:2:    grunt_orc_tribal_feast, layout_caves, basic_altar

Skill      XL: |  1  2  3  4  5  6  7  8  9 10 11 12 13 14 15 |
---------------+----------------------------------------------+-----
Axes           | 3 4 5 6 7 9 10 12 14 15 17 | 17.0
Fighting       | 4 5 6 7 8 9 10 11 12 13 | 13.5
Throwing       | 2 3 4 5 7 8 9 10 11 12 | 12.1
Armour         | 4 5 6 7 8 9 10 11 12 13 | 13.3
Dodging        | 1 2 3 |  3.0
Shields        | 4 |  4.0
Evocations     | 1 2 4 5 6 |  6.9
Invocations    | 1 2 3 4 6 8 10 11 12 13 | 13.3
Polearms       | 3 6 |  6.3

Action                   |  1- 3 |  4- 6 |  7- 9 | 10-12 | 13-15 || total
-------------------------+-------+-------+-------+-------+-------++-------
Melee: War axe           |    39 |   100 |   200 |       |       ||   339
       Headbutt          |     2 |    17 |    49 |    87 |   152 ||   307
       Broad axe         |       |       |    10 |   286 |       ||   296
       Battleaxe         |       |       |       |    17 |   175 ||   192
       Scythe            |       |       |       |       |   268 ||   268
       Executioner's axe |       |       |       |       |   201 ||   201
Throw: Boomerang         |    10 |    14 |   158 |   122 |   332 ||   636
       Javelin           |       |       |       |    26 |    42 ||    68
       Throwing net      |       |       |       |       |     1 ||     1
Invok: Recite            |       |     1 |       |       |       ||     1
       Divine Shield     |       |       |     1 |     6 |     4 ||    11
       Cleansing Flame   |       |       |       |     3 |     2 ||     5
       Summon Divine War |       |       |       |       |     2 ||     2
Evoke: Wand              |       |       |     1 |       |       ||     1
  Use: Scroll            |     3 |     6 |     3 |    13 |    20 ||    45
       Potion            |     1 |     1 |     2 |    10 |    16 ||    30
Armor: Scale mail        |    12 |       |       |       |       ||    12
       Chain mail        |     4 |    84 |    98 |     2 |       ||   188
       Plate armour      |       |       |       |   201 |   514 ||   715
       Fire dragon scale |       |       |       |       |     6 ||     6
Dodge: Dodged            |    10 |    48 |    78 |   124 |   339 ||   599
Block: Buckler           |    10 |    26 |    56 |    74 |       ||   166
       Kite shield       |       |       |       |    55 |       ||    55
       Other             |       |       |       |    18 |    57 ||    75
       Reflection        |       |       |       |       |     9 ||     9

Table legend: (Time is in decaauts)
 A = Elapsed time spent in this place.
 B = Non-inter-level travel time spent in this place.
 C = Inter-level travel time spent in this place.
 D = Time resting spent in this place.
 E = Time spent auto-exploring this place.
 F = Levels seen in this place.
 G = Mean time per level.
                   A        B        C        D        E       F      G
               +--------+--------+--------+--------+--------+-----+--------+
         Total |  23195 |  21995 |   1200 |   3924 |  12730 |  29 |  799.8 |
       Dungeon |  10270 |   9612 |    658 |   1017 |   6203 |  13 |  790.0 |
          Lair |   4341 |   4031 |    310 |    301 |   3010 |   6 |  723.5 |
        Shoals |   5185 |   5052 |    133 |   1989 |   2185 |   4 | 1296.2 |
  Orcish Mines |   1609 |   1511 |     98 |    203 |    921 |   2 |  804.5 |
       Ossuary |    753 |    753 |      0 |    266 |    172 |   1 |  753.0 |
        Bailey |    217 |    217 |      0 |     34 |     39 |   1 |  217.0 |
      Ice Cave |    511 |    511 |      0 |     62 |    146 |   1 |  511.0 |
       Volcano |    304 |    304 |      0 |     50 |     53 |   1 |  304.0 |
               +--------+--------+--------+--------+--------+-----+--------+

Top non-repeatable levels by time:
Shoals:3: 2052 daAuts
Shoals:2: 1769 daAuts
     D:8: 1178 daAuts
   Orc:2: 1128 daAuts
  Lair:3: 1084 daAuts
Shoals:1: 1030 daAuts
  Lair:5: 1008 daAuts
    D:10: 1005 daAuts
     D:2: 992 daAuts
     D:7: 883 daAuts
    D:12: 848 daAuts
     D:1: 823 daAuts
     D:4: 785 daAuts
  Lair:1: 770 daAuts
    D:11: 769 daAuts
